Build Orders - Match 27083879 - cohdb - Company of Heroes 3 Replays
cohdb
Replays
Latest Replays
All Replays
Popular Replays
Top Player Replays
Match Explorer
How It Works
Community
CoH3 Stats
Reddit
Sign in to upload your games and track your stats! →
Sign in with Steam
Match 27083879
Unlisted
Match 27083879
Overview
Messages
Build Orders
End
Construct Barracks
Riflemen Squad
Riflemen Squad
Selects Armored Battlegroup
Selects Veteran Crews
Riflemen Squad
Infantry Support Center
Construct Medical Station
Grenade Package
Riflemen Squad
DIRTY_FINISHER
Orangepest
0
0
Comments
sign in to comment!
No comments posted yet!